Map: Abyssal Reef LE

Players

llllllllllll

  • Race: Protoss Protoss
  • League: Diamond
  • Spawn Location: 11:00

slrkrpaktdmf - Winner!

  • Race: Terran Terran
  • League: Master
  • Spawn Location: 5:00

VOD

Have the link to the VOD?

Description

Time

  • Played on: Nov. 27, 2017, 7:46 p.m.
  • Length: 8:43
Show
View Real Time Build Order
Export as new Build Order

llllllllllll Protoss 

Build Orders: 1 Gate Expand, Blink Stalkers 

Get SALT Encoding   

  12  0:01  Probe  
  13  0:13  Probe  
  14  0:18  Pylon  
  14  0:25  Probe (Chrono Boost)  
  15  0:37  Gateway  
  15  0:41  Probe (Chrono Boost)  
  16  0:43  Probe  
  16  0:46  Assimilator  
  17  0:55  Probe  
  18  1:07  Probe  
  19  1:19  Probe  
  20  1:27  Nexus  
  20  1:34  Cybernetics Core  
  20  1:39  Assimilator  
  20  1:46  Pylon  
  20  1:47  Probe (Chrono Boost)  
  21  1:59  Probe (Chrono Boost)  
  22  2:02  Probe  
  23  2:10  Stalker (Chrono Boost)  
  23  2:11  Warp Gate  
  23  2:14  Probe  
  26  2:26  Probe  
  27  2:30  Stalker  
  29  2:41  Probe (Chrono Boost)  
  31  2:45  Robotics Facility  
  31  2:48  Probe (Chrono Boost)  
  31  2:51  Probe x2 (Chrono Boost)  
  33  3:01  Twilight Council  
  33  3:03  Probe  
  34  3:07  Probe  
  35  3:15  Probe  
  35  3:17  Gateway  
  36  3:20  Gateway  
  36  3:24  Probe  
  37  3:28  Probe  
  37  3:34  Observer (Chrono Boost)  
  39  3:36  Probe (Chrono Boost)  
  39  3:37  Blink  
  41  3:43  Pylon  
  41  3:48  Probe (Chrono Boost)  
  42  3:49  Probe (Chrono Boost), Observer  
  42  3:54  Probe x2 (Chrono Boost)  
  45  4:21  Stalker x3  
  45  4:23  Nexus  
  51  4:31  Probe  
  51  4:32  Probe  
  51  4:34  Assimilator  
  51  4:38  Pylon, Assimilator  
  53  4:43  Probe  
  54  4:53  Observer  
  54  4:59  Forge  
  54  5:00  Forge  
  54  5:02  Stalker  
  54  5:03  Stalker x2  
  60  5:07  Probe  
  60  5:09  Probe  
  62  5:20  Pylon  
  62  5:26  Pylon  
  62  5:30  Shield Battery  
  62  5:33  Protoss Ground Weapons Level 1 (Chrono Boost)  
  62  5:35  Probe x3, Observer  
  65  5:43  Protoss Ground Armor Level 1 (Chrono Boost)  
  65  5:44  Charge  
  65  5:47  Probe x2  
  67  5:51  Gateway x2  
  67  5:54  Gateway  
  67  5:56  Probe  
  68  5:59  Probe x2, Observer  
  71  6:07  Sentry x2  
  71  6:08  Probe  
  71  6:11  Probe x2  
  78  6:18  Stalker  
  80  6:20  Probe, Observer  
  80  6:23  Probe x2  
  84  6:26  Pylon  
  84  6:29  Pylon, Assimilator  
  84  6:32  Probe, Stalker x2  
  85  6:33  Assimilator  
  85  6:35  Probe  
  90  6:41  Shield Battery  
  90  6:45  Probe  
  91  6:49  Templar Archives  
  91  6:51  Zealot x4  
  89  7:02  Shield Battery  
  89  7:04  Zealot x2  
  89  7:05  Shield Battery  
  93  7:12  Zealot x3  
  99  7:19  Pylon  
  99  7:21  Zealot  
  100  7:31  Zealot x2  
  98  7:58  Nexus  
  76  8:04  Zealot x3  
  64  8:17  Probe  
  65  8:22  Probe  
  66  8:27  Stalker  
  66  8:37  Stalker  
Show
View Real Time Build Order
Export as new Build Order

slrkrpaktdmf Terran - Winner!

Build Orders: Reaper Expand, MMM Bio 

Get SALT Encoding   

  12  0:00  SCV  
  13  0:12  SCV  
  14  0:17  Supply Depot  
  14  0:24  SCV  
  14  0:28  Refinery  
  15  0:38  SCV  
  16  0:45  Barracks  
  16  0:50  SCV  
  17  1:03  SCV  
  18  1:15  SCV  
  19  1:31  Orbital Command  
  19  1:32  Reaper  
  20  1:46  Command Center  
  20  1:58  SCV  
  21  2:02  Factory  
  21  2:05  Barracks Reactor  
  21  2:10  SCV  
  21  2:14  Supply Depot  
  22  2:20  Refinery  
  22  2:22  SCV  
  23  2:36  SCV  
  24  2:43  Marine x2  
  26  2:48  Widow Mine, SCV  
  26  2:51  Starport  
  29  3:00  Orbital Command, SCV  
  29  3:05  Marine x2  
  32  3:12  Engineering Bay  
  32  3:20  Widow Mine  
  32  3:26  SCV x2  
  35  3:29  Medivac  
  35  3:34  Marine  
  38  3:35  Marine  
  38  3:38  SCV x2  
  41  3:43  Supply Depot  
  41  3:45  Terran Infantry Weapons Level 1  
  41  3:50  SCV x2  
  41  3:52  Marine  
  41  3:53  Marine  
  45  4:02  SCV  
  46  4:04  Widow Mine  
  46  4:05  SCV  
  47  4:21  Marine x2  
  49  4:25  Barracks  
  49  4:26  Barracks  
  49  4:29  Starport Reactor  
  49  4:30  SCV x2  
  51  4:34  Refinery  
  51  4:35  Factory Tech Lab, Supply Depot, Refinery  
  51  4:37  Supply Depot  
  51  4:52  Marine x2  
  53  4:55  SCV  
  53  4:57  SCV, Siege Tank  
  53  4:58  Supply Depot  
  58  5:06  Medivac  
  60  5:09  SCV x2  
  60  5:10  Medivac  
  60  5:11  Barracks Tech Lab  
  60  5:13  Barracks Tech Lab  
  64  5:21  SCV x2  
  65  5:23  Supply Depot, Marine  
  65  5:24  Marine  
  68  5:30  Siege Tank  
  71  5:36  Marine x2  
  71  5:37  Stimpack, Combat Shields  
  71  5:40  SCV  
  71  5:41  SCV  
  75  5:44  Terran Infantry Armor Level 1  
  75  5:46  Supply Depot  
  75  5:47  Supply Depot, Marine  
  75  5:48  Marine  
  77  5:54  Marauder  
  77  5:55  Marauder  
  81  6:00  SCV  
  81  6:01  SCV  
  81  6:02  Siege Tank  
  86  6:07  Marine x2  
  86  6:09  Supply Depot  
  88  6:12  SCV  
  88  6:13  SCV  
  90  6:21  Marauder x2  
  90  6:25  Marine x2  
  96  6:29  Supply Depot  
  96  6:39  Command Center  
  94  6:55  Marine x2  
  94  6:56  Concussive Shells, Marauder x2  
  94  6:58  Siege Tank  
  94  7:00  SCV x2  
  101  7:13  Marine  
  102  7:19  Marine  
  102  7:20  Marauder x2, Medivac x2  
  111  7:31  Marine  
  112  7:37  Marine  
  112  7:39  Barracks  
  112  7:41  Marauder, Marine  
  112  7:42  Barracks  
  112  7:43  Barracks  
  111  7:56  Marine  
  92  7:59  Marauder  
  92  8:03  Marauder  
  92  8:04  Marine  
  96  8:06  Orbital Command  
  96  8:07  SCV x2  
  95  8:14  Marine  
  95  8:19  SCV  
  98  8:20  SCV  
  98  8:21  Marauder  
  109  8:28  Barracks Reactor  
  109  8:31  Armory  
Tags
 
Add a new tag
Caveats
  • Supply blocks, unpowered buildings, or Contaminate may cause inaccurate times.
  • Supply counts are checked every 10 seconds.